Cogmind - Beta 16 --- EXPLORER MODE // 2025.12.29 @ 13:53:59 Player: K.K.Y. Result: Destroyed by BN-C6Q(R) with Subdweller Machine Gun Performance ------------- Evolutions (0) 0 Regions Visited (3) 600 Robots Destroyed (51) 255 Value Destroyed (1240) 1240 Prototype IDs (13) 260 Alien Tech Used (0) 0 Bonus (-79) -79 TOTAL SCORE: 2276 Bonus ------- Friendly Fire -79 Cogmind --------- Core Integrity 0/250 Matter 285/300 Energy 80/100 System Corruption 0% Temperature Cool (2) Movement Core (800) Ox15 Location -10/Subcaves Parts ------- > --- POWER (1+1) ------ (None) > --- PROPULSION (2+1) - (None) > --- UTILITY (3+1) ---- High-capacity Storage Unit Rainbow Chip > --- WEAPON (2+1) ----- Spread Laser Barrage Gun > --- INVENTORY (20) --- Medium Storage Unit Huge Storage Unit Humpback Structural Scanner Experimental Sensor Array Riot Gun Riot Gun Spread Laser Spread Laser Peak State ------------ > --- POWER ------------ Ion Engine > --- PROPULSION ------- Light Treads Light Treads > --- UTILITY ---------- Improved Heat Sink High-capacity Storage Unit Core Shielding Rainbow Chip > --- WEAPON ----------- Spread Laser Mining Laser > --- INVENTORY -------- Medium Storage Unit Huge Storage Unit Humpback Structural Scanner Experimental Sensor Array Riot Gun Riot Gun Spread Laser Spread Laser Spread Laser Barrage Gun Mining Laser [Rating: 27] Favorites ----------- Power Ion Engine Engine Ion Engine Propulsion Light Treads Treads Light Treads Utility Core Shielding Device Improved Heat Sink Storage Medium Storage Unit Processor Rainbow Chip Protection Core Shielding Weapon Spread Laser Energy Gun Spread Laser Ballistic Gun Barrage Gun Special Weapon Mining Laser Build | -11 -10 -10 -10 ------- Run | Yrd Mat Min Sub Slots Evolved 1 | . 1 . . Power . | . . . . Propulsion . | . . . . Utility 1 | . 1 . . Weapon . | . . . . Parts Attached 24 | 7 4 6 7 Power 3 | 1 2 . . Engine 3 | 1 2 . . Core . | . . . . Reactor . | . . . . Propulsion 3 | 2 . 1 . Treads 3 | 2 . 1 . Leg . | . . . . Wheel . | . . . . Hover . | . . . . Flight . | . . . . Utility 8 | 2 1 3 2 Device 3 | . . 3 . Storage 3 | 1 1 . 1 Processor 1 | . . . 1 Hackware . | . . . . Protection 1 | 1 . . . Artifact . | . . . . Weapon 10 | 2 1 2 5 Energy Gun 5 | 1 . 2 2 Energy Cannon . | . . . . Ballistic Gun 3 | 1 1 . 1 Ballistic Cannon . | . . . . Launcher . | . . . . Special Weapon 2 | . . . 2 Impact Weapon . | . . . . Slashing Weapon . | . . . . Piercing Weapon . | . . . . Special Melee Weapon . | . . . . Unidentified Prototypes 1 | . . 1 . Parts Lost 8 | . . . 8 Power 1 | . . . 1 Propulsion 2 | . . . 2 Utility 2 | . . . 2 Weapon 3 | . . . 3 Highest Loss Streak 2 | . . . 2 To Critical Strikes . | . . . . Average Backups 9 | . 7 9 10 Power . | . . . . Propulsion . | . . . . Utility 4 | . 2 4 5 Weapon 5 | . 4 5 5 Tool/Special . | . . . . Unused Backups 11 | . 3 2 6 Power 2 | . 1 1 . Propulsion . | . . . . Utility 5 | . 1 1 3 Weapon 4 | . 1 . 3 Tool/Special . | . . . . Average Slot Usage (%) 72 | . 68 86 68 Engine 7 | . 12 12 4 Treads 17 | . 25 25 11 Device 6 | . . 6 8 Storage 10 | . 12 12 8 Processor 3 | . . . 6 Protection 10 | . 12 12 8 Energy Gun 11 | . 1 17 11 Ballistic Gun 1 | . 4 . 1 Special Weapon 2 | . . . 4 Peak Build Rating 27 | 7 8 17 27 Average Rating 16 | 5 6 11 22 On Entrance 6 | . 7 6 14 Avg Prop Armor Cover (%) . | . . . . Naked Turns . | . . . . Heaviest Build 96 | 18 96 23 51 Greatest Support 40 | 40 40 40 40 Greatest Overweight (x) 15 | . 2 . 15 Average Overweight (x) . | . . . 2 Largest Inventory Capacity 25 | 10 25 10 20 Average Capacity 14 | 8 10 10 17 Most Carried 13 | 5 10 10 13 Average Carried 10 | . 7 9 11 Final Capacity 20 | 10 10 10 20 Final Carried 10 | 1 10 10 10 Class Distribution -------------------- 100% | Hacker-Mutant Dominant Class ---------------- Hacker-Mutant | -10/Materials Hacker-Mutant | -10/Mines Hacker-Mutant | -10/Subcaves Resources | -11 -10 -10 -10 ----------- Run | Yrd Mat Min Sub Matter Collected 696 | 140 261 147 148 Remotely . | . . . . Salvage Created 1573 | 89 482 605 397 Parts 107 | 6 29 43 29 Haulers Intercepted 2 | . 2 . . Recyclers Shooed 3 | . 3 . . Parts Field Recycled . | . . . . Retrieved Matter . | . . . . Parts Self-Destructed . | . . . . Prevented . | . . . . Parts Restored . | . . . . Kills | -11 -10 -10 -10 ------- Run | Yrd Mat Min Sub Combat Hostiles Destroyed 30 | . 6 6 18 Guns 29 | . 6 6 17 Cannons 1 | . . . 1 Classes Destroyed 10 | 2 3 1 4 Worker 4 | . . 4 . Builder 4 | . 1 3 . Tunneler 4 | 1 . 3 . Hauler 2 | . 2 . . Recycler 5 | 1 1 3 . Turret 2 | . . . 2 Swarmer 4 | . . . 4 Grunt 15 | . 6 6 3 Artisan 1 | . . . 1 Subdweller 11 | . . . 11 Best Kill Streak 7 | 2 6 7 3 Combat Bots Only 3 | . 3 2 3 Max Kills in Single Turn 2 | 1 1 2 2 Gunslinging . | . . . . Exploded . | . . . . Melee . | . . . . Uniques/NPCs Destroyed . | . . . . Combat | -11 -10 -10 -10 -------- Run | Yrd Mat Min Sub Hostile Shots Fired 199 | . 32 14 153 Missed 53 | . 3 5 45 Hits 146 | . 29 9 108 Projectile 146 | . 29 9 108 Critical Strikes 7 | . 2 . 5 Actively Blocked 3 | . 1 . 2 Damage Taken 1228 | . 267 80 881 Core 259 | . 55 24 180 Absorbed by Shields . | . . . . Redirected to Shielding 50 | . 12 4 34 Ignored by Resistances 762 | . 163 48 551 Core Remaining (%) 100 | 100 . . . Volleys Fired 154 | 4 39 29 82 Largest 2 | 2 2 2 2 Hottest 165 | 70 70 130 165 Shots Fired 239 | 8 77 40 114 Gun 210 | 8 77 40 85 Cannon . | . . . . Launcher . | . . . . Special 29 | . . . 29 Kinetic 78 | 4 57 . 17 Thermal 161 | 4 20 40 97 Explosive . | . . . . Electromagnetic . | . . . . Robot Hit Streak 54 | 2 15 36 54 Robot Miss Streak 3 | 1 2 3 3 Penetration Max . | . . . . Secondary Targets 2 | . . . 2 Max Gunslinging Chain 1 | . . . 1 Shots Hit Robots 178 | 4 61 35 78 Core Hits 196 | 3 21 64 108 Critical Kills . | . . . . Critical Parts Destroyed . | . . . . Critical Strikes 4 | 1 1 2 . Burn 4 | 1 1 2 . Melee Attacks . | . . . . Impact . | . . . . Slashing . | . . . . Piercing . | . . . . Sneak Attacks . | . . . . Combat Hostiles . | . . . . Follow-up Attacks . | . . . . Damage Inflicted 2940 | 51 765 655 1469 Guns 2771 | 51 764 655 1301 Cannons . | . . . . Explosions . | . . . . Melee . | . . . . Ramming 1 | . 1 . . Kinetic 735 | . 551 . 184 Thermal 2204 | 51 213 655 1285 Explosive . | . . . . Electromagnetic . | . . . . Impact . | . . . . Slashing . | . . . . Piercing . | . . . . Highest Corruption . | . . . . Average Corruption . | . . . . Corruption Purged . | . . . . Corruption Blocked . | . . . . Overload Shots . | . . . . Overflow Damage 21 | . . . 21 Projectiles 21 | . . . 21 Explosions . | . . . . Melee . | . . . . Knockbacks . | . . . . Impact . | . . . . Kinetic . | . . . . Secondary . | . . . . Self-Inflicted Damage . | . . . . Shots . | . . . . Rammed 1 | . 1 . . Targets Rammed 1 | . 1 . . Kicked . | . . . . Crushed . | . . . . Highest Temperature 357 | 36 357 183 10 Average Temperature 96 | 19 187 51 2 Received Heat Transfer 645 | . 258 75 312 Effects 1 | . 1 . . Interference 1 | . 1 . . Siege Activations . | . . . . Martial Activations . | . . . . Shielding Activations . | . . . . Robots Disrupted . | . . . . Combat Hostiles . | . . . . Robots Corrupted . | . . . . Combat Hostiles . | . . . . Parts Fried . | . . . . Impact Corruptions . | . . . . Robots Melted . | . . . . Combat Hostiles . | . . . . Parts Melted 3 | . 2 . 1 Heat Transferred 3835 | 222 703 1170 1740 Parts Sabotaged . | . . . . Parts Stolen . | . . . . Parts Stripped . | . . . . Power Chain Reactions . | . . . . Alert | -11 -10 -10 -10 ------- Run | Yrd Mat Min Sub Maximum Alert Level . | . . . . Low Security (%) 100 | 100 100 100 . Level 1 . | . . . . Level 2 . | . . . . Level 3 . | . . . . Level 4 . | . . . . Level 5 . | . . . . High Security . | . . . . Max Security . | . . . . Peak Influence 74 | 10 74 50 . Initial . | . . . . Average 6 | . 9 3 . Influence Increases 719 | 10 174 215 320 Destroy 0b10 Robot/C 420 | . 120 120 180 Destroy 0b10 Robot/NC 95 | 10 20 65 . Destroy Leader 84 | . 34 30 20 Lose Combat Pursuer 120 | . . . 120 Influence Decreases 719 | 10 174 215 320 Time Decay 694 | 10 174 215 295 Lost Part 25 | . . . 25 Squads Dispatched . | . . . . Investigation . | . . . . Extermination . | . . . . Reinforcement . | . . . . Assault . | . . . . Garrison . | . . . . Intercept . | . . . . Searches Triggered . | . . . . Construction Impeded . | . . . . Haulers Reinforced . | . . . . Active Scanning Responses . | . . . . Cargo Convoy Interrupts . | . . . . Stealth | -11 -10 -10 -10 --------- Run | Yrd Mat Min Sub Distress Signals 1 | . 1 . . Communications Jammed . | . . . . Distress Signals . | . . . . Times Spotted 45 | . 16 6 23 Peak Tracking Total 5 | . 5 2 5 Tactical Retreats 4 | . . . 4 Traps | -11 -10 -10 -10 ------- Run | Yrd Mat Min Sub Traps Triggered 1 | . 1 . . Indirectly . | . . . . Trap Hack Attempts . | . . . . Triggered . | . . . . Disarmed . | . . . . Reprogrammed . | . . . . Reused . | . . . . Traps Extracted . | . . . . Installed . | . . . . Triggered . | . . . . Machines | -11 -10 -10 -10 ---------- Run | Yrd Mat Min Sub Machines Disabled 1 | . . . 1 Max in Single Turn 1 | . . . 1 Machines Repaired . | . . . . Machines Dismantled . | . . . . Machines Sabotaged . | . . . . Overloaded Fab Kills . | . . . . Hacking | -11 -10 -10 -10 --------- Run | Yrd Mat Min Sub Machines Accessed 1 | . . . 1 Terminals . | . . . . Fabricators . | . . . . Repair Stations . | . . . . Recycling Units . | . . . . Scanalyzers . | . . . . Garrison Access . | . . . . Total Hacks 1 | . . . 1 Successful 1 | . . . 1 Failed . | . . . . Catastrophic . | . . . . Database Lockouts . | . . . . Manual . | . . . . Terminals . | . . . . Fabricators . | . . . . Repair Stations . | . . . . Recycling Units . | . . . . Scanalyzers . | . . . . Garrison Access . | . . . . Terminal Hacks 1 | . . . 1 Proto ID Catalog 1 | . . . 1 Fabricator Hacks . | . . . . Repair Station Hacks . | . . . . Recycling Unit Hacks . | . . . . Scanalyzer . | . . . . Garrison Access Hacks . | . . . . Unauthorized Hacks . | . . . . Terminals . | . . . . Fabricators . | . . . . Repair Stations . | . . . . Recycling Units . | . . . . Scanalyzers . | . . . . Garrison Access . | . . . . Data Cores Recovered . | . . . . Used . | . . . . Hacking Detections . | . . . . Full Trace Events . | . . . . Feedback Events . | . . . . Feedback Blocked . | . . . . Robot Schematics Acquired . | . . . . Robots Built . | . . . . Authchips . | . . . . Time . | . . . . Total Robot Build Rating . | . . . . Part Schematics Acquired . | . . . . Parts Built . | . . . . Authchips . | . . . . Time . | . . . . Total Part Build Rating . | . . . . Part Studies Acquired . | . . . . Parts Repaired . | . . . . Time . | . . . . Parts Recycled . | . . . . Recycled Matter . | . . . . Retrieved Matter . | . . . . Retrieved Components . | . . . . Parts Scanalyzed . | . . . . Part Schematics Acquired . | . . . . Parts Damaged . | . . . . Bothacking | -11 -10 -10 -10 ------------ Run | Yrd Mat Min Sub Used RIF Installer . | . . . . Robots Hacked . | . . . . Non-combat . | . . . . Combat . | . . . . Robot Hacks Applied . | . . . . Relay Couplers Released . | . . . . Fabnet Peak Effective % . | . . . . Robots Rewired . | . . . . Allies Hacked . | . . . . Hacks Repelled . | . . . . Allies | -11 -10 -10 -10 -------- Run | Yrd Mat Min Sub Total Allies . | . . . . Largest Group . | . . . . Highest-Rated Group . | . . . . Highest-Rated Ally . | . . . . Total Orders . | . . . . Ally Attacks . | . . . . Total Damage . | . . . . Kills . | . . . . Allies Corrupted . | . . . . Allies Melted . | . . . . Intel | -11 -10 -10 -10 ------- Run | Yrd Mat Min Sub Active Infowar (turns) 2 | . . 2 . Sensors 2 | . . 2 . Robot Analysis Total . | . . . . Derelict Logs Recovered 1 | . . 1 . Drone Launches . | . . . . Drone Recoveries . | . . . . Exploration | -11 -10 -10 -10 ------------- Run | Yrd Mat Min Sub Turns Passed 6207 | 70 992 1431 3714 Spaces Moved 2540 | 37 509 776 1218 Core 125 | 14 . . 111 Treads 2415 | 23 509 776 1107 Legs . | . . . . Wheels . | . . . . Hover . | . . . . Flight . | . . . . Fastest Speed 50 | 50 160 160 160 Average Speed 214 | 118 160 160 273 Slowest Speed 800 | 160 320 160 800 Overloaded Moves . | . . . . Propulsion Burnouts . | . . . . Robots Hopped . | . . . . Potential Cave-ins . | . . . . Cave-ins Triggered . | . . . . Exploration Rate (%) 62 | 3 88 100 58 Regions Visited 3 Branch Regions 2 Pre-discovered Areas 2 | . . 2 . Known Exits Taken 3 | 1 1 1 . Unknown Exits Taken . | . . . . Scrap Searched 3 | . . . 3 Spaces Dug . | . . . . Terrain Destroyed . | . . . . Melee . | . . . . Projectile . | . . . . AOE . | . . . . Terrain Rammed . | . . . . Walls Destroyed . | . . . . Machines Disabled . | . . . . Actions | -11 -10 -10 -10 --------- Run | Yrd Mat Min Sub Total 3020 | 55 611 928 1426 Wait 253 | . 33 111 109 Move 2537 | 36 508 775 1218 Hop . | . . . . Pick Up 29 | 8 15 2 4 Fast Attach 6 | . 1 3 2 Attach 11 | 7 . 1 3 Detach 3 | . 2 1 . Swap 10 | . 3 2 5 Drop 16 | . 9 4 3 Fire 154 | 4 39 29 82 Melee . | . . . . Ram . | . . . . Kick . | . . . . Crush 1 | . 1 . . Escape Stasis . | . . . . Rewire . | . . . . Trap . | . . . . Miscellaneous . | . . . . Route ------- -11/Scrapyard -10/Materials (discovered 3 exits: *Mat x2 / *Min) -10/Mines (discovered 3 exits: *Mat x2 / *Sub) -10/Subcaves (discovered 2 exits: *Mat / *Rec) History --------- Turn | Location | Event 7 | -11/Scrapyard | Identified exit to Materials 7 | -11/Scrapyard | Discovered exit to Materials (range 15) 71 | -11/Scrapyard | Entered Materials 71 | -10/Materials | Evolved 1 slot: Utility x1 258 | -10/Materials | Identified exit to Mines 258 | -10/Materials | Discovered exit to Mines (range 13) 304 | -10/Materials | Build established: Hacker-Mutant 874 | -10/Materials | Identified exit to Materials 874 | -10/Materials | Discovered exit to Materials (range 11) 1010 | -10/Materials | Discovered exit to Materials (range 9) 1063 | -10/Materials | Entered Mines 1095 | -10/Mines | Met a Derelict bent on vengeance 1247 | -10/Mines | Learned location of Zion (-7) 1424 | -10/Mines | Learned location of Storage (-7) 1661 | -10/Mines | Found a damaged Exp. Sensor Array with a note attached 1664 | -10/Mines | Found Prototype Device 1664 | -10/Mines | Identified Exp. Sensor Array 1960 | -10/Mines | Received a Rocket Launcher from a helpful Derelict 1961 | -10/Mines | Discovered exit to Materials (range 12) 2248 | -10/Mines | Discovered exit to Materials (range 8) 2486 | -10/Mines | Identified exit to Subcaves 2486 | -10/Mines | Discovered exit to Subcaves (range 6) 2494 | -10/Mines | Entered Subcaves 2495 | -10/Subcaves | Approached by a straggling Scientist 2648 | -10/Subcaves | Shifting Twisted Machinery released Flamer 2654 | -10/Subcaves | Shifting Twisted Machinery released Scrap Shield 2759 | -10/Subcaves | Core integrity fell below 50% 3081 | -10/Subcaves | Shifting Twisted Machinery released Flamer 3107 | -10/Subcaves | Shifting Twisted Machinery released Flamer 3318 | -10/Subcaves | Visited 4L-MR0's lab 3342 | -10/Subcaves | Found Rainbow Chip 3343 | -10/Subcaves | Attached Rainbow Chip, gained temporary slots: Power, Propulsion, Utility, Weapon 4078 | -10/Subcaves | Ambushed by angry Subdweller bent on revenge 4123 | -10/Subcaves | Identified exit to Materials 4123 | -10/Subcaves | Discovered exit to Materials (range 11) 4312 | -10/Subcaves | A swath of the cavern ceiling suddenly collapsed 5176 | -10/Subcaves | A swath of the cavern ceiling suddenly collapsed 5270 | -10/Subcaves | Identified exit to Recycling 5270 | -10/Subcaves | Discovered exit to Recycling (range 7) 5302 | -10/Subcaves | Core integrity fell below 20% 6208 | -10/Subcaves | Destroyed by BN-C6Q(R) with Subdweller Machine Gun Last Messages --------------- 05491_ Acquired 12 matter. 05791_ Acquired 18 matter. 05816_ 7O-HA4(R): "LEAVESUB!" 05824_ Imp. Heat Sink destroyed. 05828_ Spread Laser destroyed. 05832_ Acquired 10 matter. 05833_ Acquired 2 matter. 05837_ Y8-V3H(R) destroyed. 05843_ 8H-MHT(R) destroyed. 05843_ Switching to secondary target: 7O-HA4(R). 05849_ 7O-HA4(R) destroyed. 05874_ Subatomizers dissect the Sub. Optics. 05876_ Acquired 26 matter. 05889_ Subatomizers dissect the Sub. Optics. 06195_ OS-JQI(R) destroyed. 06203_ F7-5S6(R) destroyed. 06203_ Switching to secondary target: 9V-XC8(R). 06208_ Core Shielding destroyed. Map ----- +----------------------------------------------------+ | ???????????????????????????????????????????##"##?# | | ????????????????????????????????????????????###?## | | ???????????????????????????????????????????????## | | ???????????????????????????????????????????????# | | ???????????????????????????????????????????????# | | ???????????????????????????????????????????????# | | ???????????????????????????????????????????????# | | ??????????????????????????????????????##??????## | | ??????????????????????????????????????# ####??# | | ??????????????????????????????????????# #### | | ?????????????????????????????????????## ] | | ?????????????????????????????????????# ## | | ?????????????????????????????????????# ## | | ?????????????????????????????????????## #?#& | | ??????????????????????????????????????# #??#% | | ?????????????????????????????????????## ####! | | ?????????????????????????????????????# & | | ??????????????????????????????????????# | | ??????????????????????????????????????## ## | | ???????????????????????????????????????## ### | | ???????????????????????????????????????## """#?## | | ????????????????????????????????######## " ##??# | | ?????????????????????????######## ## # ""#??? | | ????????????????????????## #??? | | ??????????# ##### "" #??? # | | ??????????# =%& @ ## ## ""#???#? | | ?????????? %*& #### ####### ""#???? | | ?????????????# #### #* ??######?????## "##???? | | ???????????????????# ?# #??????????????? #????? | | ?????????????????? ??## ??????????????? #????? | | ????????????????? ????? #??????????????? #????? | | ??????????????? ????? # R#??????????????? #????? | | ??????????????????????### ??????????????? "????? | | ???????????????????????? R ??????????????? "????? | | ???????????????????????? ?????????????????"????? | | ???????????????????????? ??????????????????????? | | ???????????????????????? ??????????????????????? | | ???????????????????????? ??????????????????????? | | ???????????????????????? #??????????????????????? | | ????????????????????????##???????????????????????? | | ?????????????????????????????????????????????????? | | ?????????????????????????????????????????????????? | | ?????????????????????????????????????????????????? | | ?????????????????????????????????????????????????? | | ?????????????????????????????????????????????????? | | ?????????????????????????????????????????????????? | | ?????????????????????????????????????????????????? | | ?????????????????????????????????????????????????? | | ?????????????????????????????????????????????????? | | ?????????????????????????????????????????????????? | +----------------------------------------------------+ Best States ------------- Heat Dissipation 39 Energy Generation 10 Energy Capacity 250 Matter Stores 300 Matter Capacity 300 Sight Range 16 Terrain Scan Density 10 Resistance: KI 35 Resistance: TH 35 Resistance: EX 35 Resistance: EM 35 Resistance: I 35 Resistance: S 35 Resistance: P 35 Core Shielding 20 Evasion (%) 50 Recoil Reduction 2 Offensive Hacking 20 Item Schematics ----------------- None Robot Schematics ------------------ None Fabricated ------------ Nothing Repaired ---------- Nothing Studied --------- None Alien Tech Used ----------------- None Achievements -------------- None Challenges ------------ None Game ------ Seed InertialProtonPlatform Manual? 0 Play Time 00:24:45 Cumulative 234.0 hours Start 2025.12.29 @ 13:31:50 End 2025.12.29 @ 13:53:59 Sessions 1 Manual Loads 0 Difficulty Explorer Special Mode None Game No. 368 Rogue 0 Adventurer 0 Explorer 368 Win Type - Total 0 Types 0/0/0/0/0/0/0/0/0/0 Lore% 71 Gallery% 68 Achievement% 54 Wizard Run 0 Options --------- Layout 1 ASCII 0 Keyboard 0 Movement Mouse Keybinds 0 Fullscreen 1 Font 24/Smallcaps Map View 50x35 Zoom Use 0% Tactical HUD 1 Map Filters NONE Filters NONE Steam 1 RUN: 63d0a261-6430-4444-902b-b83106d10c2c